 Dungeon Crawl Stone Soup version 0.17-a0-1946-gfb768fe (webtiles) character file.

361 graki42 the Magician (level 6, -7/32 HPs)
             Began as a Deep Elf Fire Elementalist on Oct 1, 2015.
             Blown up by an orc (19 damage)
             ... with a wand of disintegration
             ... on level 3 of the Dungeon.
             The game lasted 00:11:30 (2516 turns).

graki42 the Magician (Deep Elf Fire Elementalist)   Turns: 2516, Time: 00:11:31

Health: -7/32      AC:  5    Str:  7    XL:     6   Next: 38%
Magic:  16/16      EV: 13    Int: 20    God:
Gold:   116        SH:  0    Dex: 15    Spells: 4 memorised, 5 levels left

rFire  . . .     SeeInvis .     v - +1 short sword (vamp)
rCold  + . .     Clarity  .     a - +0 robe
rNeg   . . .     SustAt   .     (no shield)
rPois  .         Gourm    .     p - +2 helmet
rElec  .         Spirit   .     (no cloak)
rCorr  .         Warding  .     (no gloves)
rMut   .         Stasis   .     (no boots)
MR     .....                    (no amulet)
Stlth  ++........               (no ring)
                                t - ring of protection from cold

@: not resistant to hostile enchantments, unstealthy
A: no striking features
a: no special abilities


You were on level 3 of the Dungeon.
You were not hungry.

You visited 1 branch of the dungeon, and saw 3 of its levels.

You collected 116 gold pieces.

Inventory:

Hand weapons
 d - a +1 dagger of electrocution
 l - a +2 dagger of protection
 v - a +1 vampiric short sword (weapon)
Armour
 a - a +0 robe (worn)
 p - a +2 helmet (worn)
Jewellery
 t - a ring of protection from cold (left hand)
Magical devices
 g - a wand of teleportation (2)
Scrolls
 h - a scroll of noise
 j - a scroll of remove curse
Potions
 e - 2 potions of curing {unknown}
 f - a potion of heal wounds
 i - a potion of poison {unknown}
 k - 2 potions of brilliance
 m - a potion of resistance {unknown}
 q - a potion of haste {unknown}
 u - a potion of cure mutation {unknown}
Books
 b - a book of Flames

   Spells                             Type                      Level
   a - Flame Tongue                   Conjuration/Fire             1
   b - Throw Flame                    Conjuration/Fire             2
   c - Conjure Flame                  Conjuration/Fire             3
   d - Inner Flame                    Hexes/Fire                   3
   e - Sticky Flame                   Conjuration/Fire             4
   f - Fireball                       Conjuration/Fire             5
Comestibles
 c - 4 bread rations


   Skills:
 + Level 0.1 Fighting
 + Level 0.2 Short Blades
 + Level 3.4 Dodging
 + Level 3.1 Stealth
 + Level 5.9 Spellcasting
 + Level 3.3 Conjurations
 + Level 4.8 Fire Magic


You had 5 spell levels left.
You knew the following spells:

 Your Spells              Type           Power        Failure   Level  Hunger
a - Flame Tongue          Conj/Fire      ###..        1%          1    None
b - Conjure Flame         Conj/Fire      ###.....     8%          3    ##.....
c - Inner Flame           Hex/Fire       ###.....     14%         3    ##.....
d - Sticky Flame          Conj/Fire      ###.....     21%         4    ####...


Dungeon Overview and Level Annotations

Branches:
Dungeon (3/15)

Altars:
Dithmenos
Okawaru
Zin


Message History

Casting: Flame Tongue
Confirm with . or Enter, or press ? or * to list all spells.
Aiming: Flame Tongue
Press: ? - help, Shift-Dir - straight line, f - adder
Aim: an adder (hasn't noticed you)
The flame tongue hits the adder.
You kill the adder!
Casting: Flame Tongue
Confirm with . or Enter, or press ? or * to list all spells.
Okay, then.
Found a glowing silver altar of Zin.
There is an open door here.
An orc comes into view. It is wielding a club.
The orc zaps a wand.
You are blasted!
Ouch! That really hurt!
It is a wand of disintegration.
Found 18 gold pieces.
The orc zaps a wand.
You are blasted!
Ouch! That really hurt!
You die...

### .:.... .?. . ....%
..? .. .... #######
#..#... #.....# .....
#.._..# #.##...
####.....#
....o..####.####'###
#@...........#
#...........#..#####
#.....###.###.#.......
#.##..# #.###.#...###.
# ...$# .........####.
###.###..#####.......
#. #..#.........## #.
#..#.###.###.#
.###########<###..#.
#. #.#


You could see an orc.

Vanquished Creatures
  Grinder (D:3)
  An orc wizard (D:3)
  6 adders
  A worm (D:2)
  The ghost of asdu the Skirmisher, a weakling GrBe of Trog (D:3)
  A giant gecko (D:1)
  3 orcs (D:3)
  11 hobgoblins
  3 jackals (D:1)
  9 kobolds
  A quokka (D:2)
  15 bats
  A giant cockroach (D:1)
  2 giant newts
  8 goblins
  8 rats
72 creatures vanquished.

Notes
Turn   | Place    | Note
--------------------------------------------------------------
     0 | D:1      | graki42 the Deep Elf Fire Elementalist began the quest for the Orb.
     0 | D:1      | Reached XP level 1. HP: 10/10 MP: 6/6
    95 | D:1      | Reached XP level 2. HP: 12/15 MP: 0/8
   483 | D:1      | Reached skill level 4 in Fire Magic
   483 | D:1      | Reached XP level 3. HP: 8/19 MP: 1/10
   664 | D:1      | Learned a level 3 spell: Conjure Flame
   668 | D:1      | Learned a level 3 spell: Inner Flame
  1008 | D:2      | Found an iron altar of Okawaru.
  1034 | D:2      | Found a shadowy altar of Dithmenos.
  1129 | D:2      | Reached XP level 4. HP: 22/24 MP: 4/12
  1641 | D:2      | Learned a level 4 spell: Sticky Flame
  1645 | D:3      | Noticed Grinder
  1707 | D:3      | Noticed asdu's ghost (weakling GrBe)
  1712 | D:3      | Killed asdu's ghost
  1774 | D:3      | Reached XP level 5. HP: 24/28 MP: 5/14
  2016 | D:3      | Paralysed by Grinder for 4 turns
  2021 | D:3      | Killed Grinder
  2021 | D:3      | Reached skill level 5 in Spellcasting
  2021 | D:3      | Reached XP level 6. HP: 4/32 MP: 3/16
  2506 | D:3      | Found a glowing silver altar of Zin.
  2516 | D:3      | Blown up by an orc

Vault maps used:
D:1:      sevenhm_arrival_forest_fort_large_4
D:2:      okawaru_gym_becter, first_bread, nicolae_dithmenos_shadow_blocks
D:3:      zin_scriptorium, uniq_grinder

Action                   |  1- 3 |  4- 6 || total
-------------------------+-------+-------++-------
Melee: Dagger            |     6 |       ||     6
 Cast: Flame Tongue      |    75 |    49 ||   124
       Conjure Flame     |       |     1 ||     1
       Inner Flame       |       |     1 ||     1
       Sticky Flame      |       |     2 ||     2
  Use: Scroll            |       |    10 ||    10
  Eat: Chunk             |       |     3 ||     3
       Meat ration       |       |     1 ||     1
       Beef jerky        |       |     1 ||     1
